 Dungeon Crawl Stone Soup version 0.19.1 (webtiles) character file.

1495 Haldmier the Ruffian (level 8, 0/64 HPs)
             Began as a Naga Transmuter on Dec 6, 2016.
             Was a Believer of Cheibriados.
             Slain by a gnoll sergeant
             ... wielding a +0 spear
              (8 damage)
             ... on level 7 of the Dungeon.
             The game lasted 00:42:45 (5746 turns).

Haldmier the Ruffian (Naga Transmuter)              Turns: 5746, Time: 00:42:45

Health: 0/64       AC:  2    Str: 19    XL:     8   Next: 81%
Magic:  9/11       EV: 18    Int: 18    God:    Cheibriados [**....]
Gold:   464        SH:  0    Dex: 20    Spells: 4 memorised, 1 level left

rFire  . . .     SeeInvis +       - Unarmed
rCold  . . .     Gourm    .     (armour currently unavailable)
rNeg   . . .     Faith    .     (shield currently unavailable)
rPois  x         Spirit   .     (helmet currently unavailable)
rElec  .         Reflect  .     (cloak currently unavailable)
rCorr  .         Harm     .     (gloves currently unavailable)
MR     +....                    (no barding)
Stlth  +++.......               h - amulet of regeneration
                                (no ring)
                                (no ring)

@: spider-form (expiring), drained, very slow
A: see invisible, (deformed body), (poison resistance), (slowness 0), slow
metabolism 1, spit poison 1, AC +2
a: Spit Poison, End Transformation, Bend Time, Renounce Religion


You were on level 7 of the Dungeon.
You worshipped Cheibriados.
Cheibriados was pleased with you.
You were hungry.
You were a venomous arachnid creature.
You visited 2 branches of the dungeon, and saw 8 of its levels.
You also visited: Sewer.

You collected 464 gold pieces.

Inventory:

Hand Weapons
 f - a +0 hunting sling
 o - a +2 dagger of protection
 p - a +3 vampiric whip
 A - a +1 short sword of electrocution (melded)
 B - a +1 war axe of electrocution
Missiles
 a - 65 arrows
 k - 162 stones (quivered)
 w - 59 poisoned needles
 G - 14 sling bullets
Armour
 b - a +0 robe (melded)
 g - a cursed +0 ring mail
 m - a +0 ring mail
 s - a +0 pair of gloves (melded)
Jewellery
 h - an amulet of regeneration (around neck)
Scrolls
 e - 7 scrolls of identify
 i - 6 scrolls of remove curse {unknown}
 j - a scroll of noise {unknown}
 l - 3 scrolls of enchant armour {unknown}
 t - 2 scrolls of teleportation {unknown}
 v - a scroll of recharging {unknown}
 y - a scroll of random uselessness {unknown}
 z - 3 scrolls of immolation {unknown}
 C - a scroll of magic mapping {unknown}
Potions
 n - 3 potions of curing
 u - a potion of heal wounds {unknown}
 D - 2 potions of invisibility {unknown}
 E - a potion of might
Books
 c - a book of Changes

   Spells                             Type                      Level
   a - Beastly Appendage              Transmutation                1
   b - Sticks to Snakes               Transmutation                2
   c - Spider Form                    Transmutation/Poison         3
   d - Ice Form                       Ice/Transmutation            4
   e - Blade Hands                    Transmutation                5
 I - Eteankad's Reference Book on Evil and the Rocks
   (You found it in a sewer)

   Spells                             Type                      Level
   a - Sandblast                      Earth                        1
   b - Animate Dead                   Necromancy                   4
   c - Simulacrum                     Ice/Necromancy               6
   d - Death Channel                  Necromancy                   6
Comestibles
 d - 4 bread rations
 q - 3 meat rations
 r - 4 chunks of flesh
 x - a royal jelly
 H - a beef jerky


   Skills:
 - Level 1.0(0.0) Fighting
 - Level 1.5(0.5) Dodging
 - Level 5.0(3.8) Stealth
 * Level 7.0(5.8) Unarmed Combat
 - Level 2.0(0.9) Spellcasting
 * Level 6.9(5.7) Transmutations
 + Level 3.0(1.9) Ice Magic
 - Level 3.0(1.9) Poison Magic


You had one spell level left.
You knew the following spells:

 Your Spells              Type           Power        Failure   Level  Hunger
a - Beastly Appendage     Tmut           ###...       8%          1    ##.....
b - Sticks to Snakes      Tmut           ###.....     12%         2    ###....
c - Spider Form           Tmut/Pois      ##........   32%         3    ####...
d - Ice Form              Ice/Tmut       ##......     63%         4    #####..


Dungeon Overview and Level Annotations

Branches:
Dungeon (7/15)             Temple (1/1) D:5

Altars:
Ashenzari
Cheibriados
Dithmenos
Elyvilon
Fedhas
Gozag
Hepliaklqana
Kikubaaqudgha
Makhleb
Nemelex Xobeh
Okawaru
Qazlal
Sif Muna
Uskayaw
Vehumet
Xom
Zin
The Shining One

Annotations:
D:4 markt42's ghost, novice HOFi


Innate Abilities, Weirdness & Mutations

You cannot wear boots.
((Your serpentine skin is tough. (AC +2)))
You have supernaturally acute eyesight. (SInv)
((Armour fits poorly on your strangely shaped body.))
((Your system is resistant to poisons. (rPois)))
((You cover ground very slowly.))
You have a slow metabolism.
You can spit poison.


Message History

A gnoll comes into view. It is wielding a spear.
You bite the gnoll sergeant!
The gnoll sergeant is poisoned.
The gnoll sergeant is moderately wounded.
The gnoll misses you.
The gnoll sergeant hits you with a spear.
* * * LOW HITPOINT WARNING * * *
The gnoll closely misses you.
You take 2 damage, and have 15/64 hp.
You bite the gnoll sergeant!
The gnoll sergeant is severely wounded.
The gnoll closely misses you.
The gnoll sergeant completely misses you.
The gnoll barely misses you.
You hit the gnoll sergeant but do no damage.
The gnoll sergeant looks as sick as possible!
The gnoll sergeant is severely wounded.
The gnoll hits you from afar with an enchanted spear!
* * * LOW HITPOINT WARNING * * *
The gnoll sergeant hits you with a spear!
You die...

.....$.# .g....#
......# g....# ###g...
## #gg... ..# #g##.#
#.# #s##.# #.# #(##.#
#.# #.((.#.###.#
#.####.....####
#......##...[.#
#..###.###.##.#
...#####(.# #.# #.##.#
..........###.# #.##.#
##.#####......###.##.#


You could see a gnoll sergeant and 3 gnolls.

Vanquished Creatures
  2 ice beasts (D:5)
  3 ogres
  An orc warrior (D:6)
  A centaur (D:7)
  A bullfrog (Sewer)
  4 scorpions (D:4)
  A wight (D:6)
  A howler monkey (D:4)
  A crimson imp (D:5)
  A jelly (D:5)
  A hound (D:6)
  A bullfrog skeleton (D:5)
  2 iguanas
  2 orc wizards
  2 hound skeletons
  4 gnolls (D:7)
  9 adders
  A shadow imp (D:5)
  2 oozes
  5 worms
  8 leopard geckos
  16 orcs
  12 giant cockroaches
  8 goblins
  10 hobgoblins
  2 jackals (D:4)
  5 quokkas
  2 ball pythons
  3 bats
  12 frilled lizards
  A jackal skeleton (D:3)
  5 kobolds
  A leopard gecko skeleton (D:4)
  A quokka skeleton (D:4)
  11 rats
142 creatures vanquished.

Vanquished Creatures (others)
  A shadow imp (D:6)
1 creature vanquished.

Grand Total: 143 creatures vanquished

Notes
Turn   | Place    | Note
-------+----------+-------------------------------------------
     0 | D:1      | Haldmier the Naga Transmuter began the quest for the Orb.
     0 | D:1      | Reached XP level 1. HP: 18/18 MP: 3/3
   148 | D:1      | Reached XP level 2. HP: 25/25 MP: 3/5
   791 | D:1      | Reached XP level 3. HP: 31/31 MP: 4/6
  1027 | D:2      | Found an ancient bone altar of Kikubaaqudgha.
  1031 | D:2      | Found a white marble altar of Elyvilon.
  1035 | D:2      | Found a deep blue altar of Sif Muna.
  1131 | D:2      | Found a glowing golden altar of the Shining One.
  1258 | D:2      | Reached skill level 4 in Unarmed Combat
  1267 | D:2      | Learned a level 2 spell: Sticks to Snakes
  1271 | D:2      | Learned a level 3 spell: Spider Form
  1446 | D:2      | Reached XP level 4. HP: 38/38 MP: 5/7
  2322 | D:3      | Reached XP level 5. HP: 44/44 MP: 6/8
  2428 | D:3      | Reached skill level 1 in Poison Magic
  2788 | D:3      | Reached skill level 1 in Stealth
  3050 | D:4      | Reached XP level 6. HP: 44/51 MP: 7/9
  3150 | D:4      | Reached skill level 5 in Unarmed Combat
  3651 | D:4      | Reached XP level 7. HP: 50/57 MP: 8/10
  3746 | D:3      | Learned a level 4 spell: Ice Form
  3808 | D:4      | Noticed markt42's ghost (novice HOFi)
  3817 | D:4      | HP: 2/57 [markt42's ghost (8)]
  3821 | D:5      | Entered Level 5 of the Dungeon
  3928 | D:5      | Reached skill level 5 in Transmutations
  3965 | D:5      | Found an opulent altar of Gozag.
  4188 | D:4      | Reached skill level 1 in Ice Magic
  4341 | D:5      | Found a staircase to the Ecumenical Temple.
  4353 | Temple   | Entered the Ecumenical Temple
  4379 | Temple   | Became a worshipper of Cheibriados the Contemplative
  4560 | D:5      | Reached skill level 6 in Unarmed Combat
  4560 | D:5      | Reached XP level 8. HP: 49/64 MP: 11/11
  4992 | D:6      | Found a glowing drain.
  5002 | Sewer    | Entered a sewer
  5058 | Sewer    | Reached * piety under Cheibriados
  5245 | Sewer    | Reached skill level 5 in Stealth
  5276 | Sewer    | Identified Eteankad's Reference Book on Evil and the Rocks
  5634 | D:7      | Reached ** piety under Cheibriados
  5741 | D:7      | Reached skill level 7 in Unarmed Combat
  5746 | D:7      | Slain by a gnoll sergeant

Skill      XL: |  1  2  3  4  5  6  7  8 |
---------------+-------------------------+-----
Unarmed Combat | 4 5 6 7 |  7.0
Transmutations | 3 4 5 6 |  6.9
Poison Magic   | 1 2 3 |  3.0
Stealth        | 1 3 4 5 |  5.0
Ice Magic      | 1 3 |  3.0
Fighting       | |  1.0
Dodging        | |  1.5
Spellcasting   | |  2.0

Action                   |  1- 3 |  4- 6 |  7- 9 || total
-------------------------+-------+-------+-------++-------
Melee: Unarmed           |    71 |       |    74 ||   145
       Headbutt          |     7 |    32 |    25 ||    64
       Dagger            |    49 |   221 |    52 ||   322
       Punch             |       |     4 |     1 ||     5
       Short sword       |       |       |    76 ||    76
Throw: Stone             |    14 |    22 |     9 ||    45
 Cast: Beastly Appendage |    29 |    37 |    27 ||    93
       Spider Form       |     1 |       |    11 ||    12
 Abil: Spit Poison       |     9 |    25 |    24 ||    58
  Use: Scroll            |       |       |     6 ||     6
       Potion            |       |       |     2 ||     2
 Stab: Sleeping          |       |     1 |       ||     1
       Distracted        |       |       |     1 ||     1
  Eat: Chunk             |     2 |    10 |     8 ||    20
Armor: Robe              |    17 |    64 |    34 ||   115
       Skin              |       |       |     3 ||     3
Dodge: Dodged            |    55 |    90 |   130 ||   275
